Cogmind - Beta 15 @@@ ROGUE MODE // 2025.06.02 @ 19:49:07 Player: Nueadkie Result: Destroyed by 7R-UUM(R) with Subdweller Laser Performance ------------- Evolutions (0) 0 Regions Visited (2) 400 Robots Destroyed (19) 95 Value Destroyed (419) 419 Prototype IDs (5) 100 Alien Tech Used (0) 0 Bonus (0) 0 TOTAL SCORE: 1014 Bonus ------- None Cogmind --------- Core Integrity 0/250 Matter 295/300 Energy 78/100 System Corruption 0% Temperature Warm (166) Movement Core (100) Ox1 Location -10/Subcaves Parts ------- > --- POWER (1) -------- (None) > --- PROPULSION (2) --- (None) > --- UTILITY (2) ------ (None) > --- WEAPON (2) ------- Particle Cannon > --- INVENTORY (5) ---- Aluminum Leg Particle Cannon Particle Cannon Light Assault Rifle Mace Peak State ------------ > --- POWER ------------ Ion Engine > --- PROPULSION ------- Aluminum Leg Aluminum Leg > --- UTILITY ---------- Large Storage Unit Improved Terrain Scanner > --- WEAPON ----------- Medium Laser Medium Laser > --- INVENTORY -------- Light Ion Engine Small Storage Unit Visual Processing Unit Sensor Array Signal Interpreter Improved Terrain Scanner Particle Cannon Particle Cannon Particle Cannon Particle Cannon Light Assault Rifle Grenade Launcher Mace [Rating: 11] Favorites ----------- Power Ion Engine Engine Ion Engine Propulsion Aluminum Leg Leg Aluminum Leg Utility Improved Terrain Scanner Device Improved Terrain Scanner Storage Large Storage Unit Weapon Medium Laser Energy Gun Medium Laser Energy Cannon Particle Cannon Ballistic Gun Light Assault Rifle Launcher Grenade Launcher Build | -11 -10 -10 ------- Run | Yrd Mat Sub Slots Evolved . | . . . Power . | . . . Propulsion . | . . . Utility . | . . . Weapon . | . . . Parts Attached 13 | 7 5 1 Power 1 | 1 . . Engine 1 | 1 . . Core . | . . . Reactor . | . . . Propulsion 4 | 2 2 . Treads . | . . . Leg 4 | 2 2 . Wheel . | . . . Hover . | . . . Flight . | . . . Utility 3 | 2 1 . Device 1 | 1 . . Storage 2 | 1 1 . Processor . | . . . Hackware . | . . . Protection . | . . . Artifact . | . . . Weapon 5 | 2 2 1 Energy Gun 2 | 1 1 . Energy Cannon 1 | . . 1 Ballistic Gun 1 | 1 . . Ballistic Cannon . | . . . Launcher 1 | . 1 . Special Weapon . | . . . Impact Weapon . | . . . Slashing Weapon . | . . . Piercing Weapon . | . . . Special Melee Weapon . | . . . Unidentified Prototypes . | . . . Parts Lost 6 | . 1 5 Power 1 | . . 1 Propulsion 2 | . 1 1 Utility 1 | . . 1 Weapon 2 | . . 2 Highest Loss Streak 5 | . 1 5 To Critical Strikes . | . . . Average Backups 7 | 1 7 11 Power . | . . . Propulsion . | . . 1 Utility 3 | . 3 3 Weapon 3 | . 3 6 Tool/Special . | . . . Unused Backups 9 | . . 9 Power 1 | . . 1 Propulsion . | . . . Utility 4 | . . 4 Weapon 4 | . . 4 Tool/Special . | . . . Average Slot Usage (%) 99 | . 99 76 Engine 13 | . 14 9 Leg 27 | . 27 23 Device 14 | . 14 14 Storage 13 | . 13 9 Energy Gun 25 | . 25 9 Launcher 1 | . 1 9 Peak Build Rating 11 | 9 11 11 Average Rating 9 | 5 9 9 On Entrance 6 | . 9 11 Naked Turns . | . . . Heaviest Build 31 | 14 31 31 Greatest Support 20 | 20 20 20 Greatest Overweight (x) 2 | . 2 1 Average Overweight (x) . | . . . Largest Inventory Capacity 15 | 8 15 15 Average Capacity 13 | 6 14 12 Most Carried 14 | 2 14 14 Average Carried 7 | 1 7 11 Final Capacity 15 | 8 15 5 Final Carried 14 | 2 14 5 Class Distribution -------------------- 100% | Mutant Dominant Class ---------------- Mutant | -10/Materials Mutant | -10/Subcaves Resources | -11 -10 -10 ----------- Run | Yrd Mat Sub Matter Collected 470 | 196 274 . Remotely . | . . . Salvage Created 522 | 11 511 . Parts 37 | 3 34 . Haulers Intercepted 1 | . 1 . Recyclers Shooed . | . . . Parts Field Recycled . | . . . Retrieved Matter . | . . . Parts Self-Destructed . | . . . Prevented . | . . . Kills | -11 -10 -10 ------- Run | Yrd Mat Sub Combat Hostiles Destroyed 11 | . 11 . Guns 6 | . 6 . AOE 5 | . 5 . Classes Destroyed 7 | 1 6 . Worker 1 | . 1 . Tunneler 2 | 1 1 . Hauler 1 | . 1 . Operator 1 | . 1 . Watcher 3 | . 3 . Swarmer 3 | . 3 . Grunt 8 | . 8 . Best Kill Streak 4 | 1 4 . Combat Bots Only 3 | . 3 . Max Kills in Single Turn 4 | 1 4 . Gunslinging . | . . . Exploded 3 | . 3 . Melee . | . . . Uniques/NPCs Destroyed . | . . . Combat | -11 -10 -10 -------- Run | Yrd Mat Sub Hostile Shots Fired 64 | . 42 22 Missed 10 | . 8 2 Hits 54 | . 34 20 Projectile 54 | . 34 20 Critical Strikes 4 | . . 4 Damage Taken 911 | . 403 508 Core 267 | . 87 180 Absorbed by Shields . | . . . Regen/Repaired (Parts) 254 | . 254 . Core Remaining (%) 100 | 100 . . Volleys Fired 59 | 3 54 2 Largest 2 | 2 2 2 Hottest 100 | 70 100 80 Shots Fired 109 | 6 100 3 Gun 98 | 6 90 2 Cannon . | . . . Launcher 11 | . 10 1 Special . | . . . Kinetic 10 | 3 7 . Thermal 88 | 3 83 2 Explosive 11 | . 10 1 Electromagnetic . | . . . Robot Hit Streak 9 | 3 9 4 Robot Miss Streak 2 | 1 2 . Penetration Max . | . . . Secondary Targets . | . . . Shots Hit Robots 66 | 4 59 3 Core Hits 38 | 2 34 2 Critical Kills . | . . . Critical Parts Destroyed . | . . . Critical Strikes 7 | 1 6 . Burn 7 | 1 6 . Melee Attacks . | . . . Impact . | . . . Slashing . | . . . Piercing . | . . . Sneak Attacks . | . . . Combat Hostiles . | . . . Follow-up Attacks . | . . . Damage Inflicted 1195 | 40 982 173 Guns 744 | 40 691 13 Cannons . | . . . Explosions 451 | . 291 160 Melee . | . . . Ramming . | . . . Kinetic 68 | 27 41 . Thermal 676 | 13 650 13 Explosive 451 | . 291 160 Electromagnetic . | . . . Impact . | . . . Slashing . | . . . Piercing . | . . . Highest Corruption . | . . . Average Corruption . | . . . Corruption Purged . | . . . Corruption Blocked . | . . . Overload Shots . | . . . Overflow Damage . | . . . Projectiles . | . . . Explosions . | . . . Melee . | . . . Knockbacks . | . . . Impact . | . . . Kinetic . | . . . Secondary . | . . . Self-Inflicted Damage 58 | . 19 39 Shots 2 | . 1 1 Rammed . | . . . Targets Rammed . | . . . Kicked . | . . . Crushed . | . . . Highest Temperature 315 | 40 244 315 Average Temperature 72 | 19 71 177 Received Heat Transfer 645 | . 198 447 Siege Activations . | . . . Martial Activations . | . . . Shielding Activations . | . . . Robots Disrupted . | . . . Combat Hostiles . | . . . Robots Corrupted . | . . . Combat Hostiles . | . . . Parts Fried . | . . . Impact Corruptions . | . . . Robots Melted 1 | . 1 . Combat Hostiles . | . . . Parts Melted 4 | . 4 . Heat Transferred 2516 | 111 2368 37 Parts Sabotaged . | . . . Parts Stolen . | . . . Parts Stripped . | . . . Power Chain Reactions . | . . . Alert | -11 -10 -10 ------- Run | Yrd Mat Sub Maximum Alert Level . | . . . Low Security (%) 100 | 100 100 . Level 1 . | . . . Level 2 . | . . . Level 3 . | . . . Level 4 . | . . . Level 5 . | . . . High Security . | . . . Max Security . | . . . Peak Influence 134 | 5 134 . Initial . | . . . Average 39 | . 41 . Influence Increases 519 | 5 514 . Destroy 0b10 Robot/C 220 | . 220 . Destroy 0b10 Robot/NC 40 | 5 35 . Destroy Leader 58 | . 58 . Successful Hack 24 | . 24 . Disable Machine 15 | . 15 . Destroy Structure 42 | . 42 . Lose Combat Pursuer 120 | . 120 . Influence Decreases 519 | 5 467 47 Entered New Map 23 | . . 23 Time Decay 472 | 5 467 . Lost Part 24 | . . 24 Squads Dispatched 3 | . 3 . Investigation 2 | . 2 . Extermination . | . . . Reinforcement 1 | . 1 . Assault . | . . . Garrison . | . . . Intercept . | . . . Searches Triggered . | . . . Construction Impeded . | . . . Haulers Reinforced . | . . . Active Scanning Responses . | . . . Cargo Convoy Interrupts . | . . . Stealth | -11 -10 -10 --------- Run | Yrd Mat Sub Distress Signals . | . . . Communications Jammed . | . . . Distress Signals . | . . . Times Spotted 31 | . 27 4 Peak Tracking Total 4 | . 3 4 Tactical Retreats 7 | . 7 . Traps | -11 -10 -10 ------- Run | Yrd Mat Sub Traps Triggered 2 | . 2 . Indirectly . | . . . Trap Hack Attempts . | . . . Triggered . | . . . Disarmed 6 | . 6 . Reprogrammed . | . . . Reused . | . . . Traps Extracted . | . . . Installed . | . . . Triggered . | . . . Machines | -11 -10 -10 ---------- Run | Yrd Mat Sub Machines Disabled 1 | . 1 . Max in Single Turn 1 | . 1 . Machines Repaired . | . . . Machines Dismantled . | . . . Machines Sabotaged . | . . . Overloaded Fab Kills . | . . . Hacking | -11 -10 -10 --------- Run | Yrd Mat Sub Machines Accessed 7 | . 7 . Terminals 6 | . 6 . Fabricators . | . . . Repair Stations 1 | . 1 . Recycling Units . | . . . Scanalyzers . | . . . Garrison Access . | . . . Total Hacks 22 | . 22 . Successful 16 | . 16 . Failed 6 | . 6 . Catastrophic . | . . . Database Lockouts . | . . . Manual 15 | . 15 . Terminals 18 | . 18 . Fabricators . | . . . Repair Stations 4 | . 4 . Recycling Units . | . . . Scanalyzers . | . . . Garrison Access . | . . . Terminal Hacks 8 | . 8 . Prototype ID Bank 5 | . 5 . Locate Traps 1 | . 1 . Disarm Traps 1 | . 1 . Zone Layout 1 | . 1 . Fabricator Hacks . | . . . Repair Station Hacks 4 | . 4 . Scan Component 2 | . 2 . Repair 2 | . 2 . Recycling Unit Hacks . | . . . Scanalyzer . | . . . Garrison Access Hacks . | . . . Unauthorized Hacks 4 | . 4 . Terminals 4 | . 4 . Botnet 4 | . 4 . Fabricators . | . . . Repair Stations . | . . . Recycling Units . | . . . Scanalyzers . | . . . Garrison Access . | . . . Data Cores Recovered . | . . . Used . | . . . Hacking Detections 6 | . 6 . Full Trace Events . | . . . Feedback Events . | . . . Feedback Blocked . | . . . Robot Schematics Acquired . | . . . Robots Built . | . . . Authchips . | . . . Time . | . . . Total Robot Build Rating . | . . . Part Schematics Acquired . | . . . Parts Built . | . . . Authchips . | . . . Time . | . . . Total Part Build Rating . | . . . Parts Repaired 2 | . 2 . Time 52 | . 52 . Parts Recycled . | . . . Recycled Matter . | . . . Retrieved Matter . | . . . Retrieved Components . | . . . Parts Scanalyzed . | . . . Part Schematics Acquired . | . . . Parts Damaged . | . . . Bothacking | -11 -10 -10 ------------ Run | Yrd Mat Sub Used RIF Installer . | . . . Robots Hacked . | . . . Non-combat . | . . . Combat . | . . . Robot Hacks Applied . | . . . Relay Couplers Released . | . . . Fabnet Peak Effective % . | . . . Robots Rewired . | . . . Allies Hacked . | . . . Hacks Repelled . | . . . Allies | -11 -10 -10 -------- Run | Yrd Mat Sub Total Allies . | . . . Largest Group . | . . . Highest-Rated Group . | . . . Highest-Rated Ally . | . . . Total Orders . | . . . Ally Attacks . | . . . Total Damage . | . . . Kills . | . . . Allies Corrupted . | . . . Allies Melted . | . . . Intel | -11 -10 -10 ------- Run | Yrd Mat Sub Active Infowar (turns) 1512 | 8 1486 18 Terrain 1512 | 8 1486 18 Robot Analysis Total . | . . . Derelict Logs Recovered . | . . . Drone Launches . | . . . Drone Recoveries . | . . . Exploration | -11 -10 -10 ------------- Run | Yrd Mat Sub Turns Passed 1572 | 68 1486 18 Spaces Moved 711 | 43 662 6 Core 6 | 5 . 1 Treads . | . . . Legs 705 | 38 662 5 Wheels . | . . . Hover . | . . . Flight . | . . . Fastest Speed 50 | 50 120 100 Average Speed 174 | 111 179 163 Slowest Speed 260 | 120 260 190 Overloaded Moves . | . . . Propulsion Burnouts . | . . . Robots Hopped . | . . . Potential Cave-ins . | . . . Cave-ins Triggered . | . . . Exploration Rate (%) 33 | 3 97 1 Regions Visited 2 Branch Regions 1 Pre-discovered Areas . | . . . Known Exits Taken . | . . . Unknown Exits Taken 2 | 1 1 . Scrap Searched . | . . . Spaces Dug . | . . . Terrain Destroyed 60 | . 52 8 Melee . | . . . Projectile . | . . . AOE 60 | . 52 8 Terrain Rammed . | . . . Walls Destroyed . | . . . Machines Disabled . | . . . Actions | -11 -10 -10 --------- Run | Yrd Mat Sub Total 924 | 54 859 11 Wait 115 | . 115 . Move 709 | 42 661 6 Hop . | . . . Pick Up 21 | 2 19 . Fast Attach 10 | 7 2 1 Attach . | . . . Detach . | . . . Swap 8 | . 8 . Drop 2 | . . 2 Fire 59 | 3 54 2 Melee . | . . . Ram . | . . . Kick . | . . . Crush . | . . . Escape Stasis . | . . . Rewire . | . . . Trap . | . . . Miscellaneous . | . . . Route ------- -11/Scrapyard -10/Materials (discovered 5 exits: [*Mat x3] / [*Min] / [*Sub]) -10/Subcaves History --------- Turn | Location | Event 3 | -11/Scrapyard | Discovered new exit (range 15) 69 | -11/Scrapyard | Entered Materials 300 | -10/Materials | Build established: Mutant 315 | -10/Materials | Discovered new exit (range 12) 478 | -10/Materials | Discovered new exit (range 14) 856 | -10/Materials | Discovered new exit (range 14) 1093 | -10/Materials | Discovered new exit (range 16) 1296 | -10/Materials | Repaired Lrg. Storage Unit 1352 | -10/Materials | Repaired Signal Interpreter 1540 | -10/Materials | Discovered new exit (range 9) 1555 | -10/Materials | Entered Subcaves 1562 | -10/Subcaves | Ambushed by Subdwellers from Twisted Machinery 1563 | -10/Subcaves | Ambushed by Subdwellers from Twisted Machinery 1564 | -10/Subcaves | Core integrity fell below 50% 1572 | -10/Subcaves | Core integrity fell below 20% 1573 | -10/Subcaves | Destroyed by 7R-UUM(R) with Subdweller Laser Last Messages --------------- >>Prototypes Downloading prototype IDs... Imp. Assault Rifle Imp. EM Shotgun 01540_ EXIT=FOUND 01540_ T-07 Excavator is excavating. LOCATION=UNKNOWN AMBIENT_HEAT=-10 GOAL=ESCAPE 01562_ FT-8A6(R) emerges from the Twisted Machinery. 01563_ TQ-9R6(R) angrily emerges from the Twisted Machinery. 01563_ Grenade Launcher destroyed. 01567_ Critical hit (Meltdown: +300). 01567_ Med. Laser destroyed. 01568_ Dropped Lrg. Storage Unit. 01569_ Ion Engine destroyed. 01569_ Aluminum Leg destroyed. 01570_ Dropped Aluminum Leg. 01570_ Acquired Particle Cannon. 01573_ Imp. Terrain Scanner destroyed. Map ----- +----------------------------------------------------+ | ?????????????????????????????????????????????????? | | ?????????????????????????????????????????????????? | | ?????????????????????????????????????????????????? | | ?????????????????????????????????????????????????? | | ?????????????????????????????????????????????????? | | ?????????????????????????????????????????????????? | | ?????????????????????????????????????????????????? | | ?????????????????????????????????????????????????? | | ?????????????????????????????????????????????????? | | ?????????????????????????????????????????????????? | | ?????????????????????????????????????????????????? | | ????????????????????????#????????????????????????? | | ???????????????????????????????????#?????????????? | | ??????????????????#????????##????????????????????? | | ????????????????????????#????????????????????????? | | ???????????????????????????"?????????????????????? | | ?????????????????????????? "#??????#?????????????? | | ???????????????????????#??" ##???????????????????? | | ??????????????????????????""????????#????????????? | | ?????????????????????##??? #?????????????????????? | | ????????????????????## ###"##????????????????????? | | ????????????????????# *"" #????????????????????? | | ????????????????????## RR! "#????????????????????? | | ????????????????????# ]!RR #????????????????????? | | ????????????????????##"!! ##????????????????????? | | ?????????? ?????????#"" "@ #?????????????????????? | | ??????????? ????????# ##?????????????????????? | | ????????????????????# #?????????????????????? | | ????????????????????# #????#???????????????? | | ???????????????????# #????????????????????? | | ???????????????????# ##????????????????????? | | ???????????????????# ##????????????????????? | | ???????????????????# ### #?????????????????????? | | ??????????????????? #??# # ?????????????????????? | | ??????????????????# ???? ?????????????????????? | | ??????????????????# #????# ????????????????????? | | ??????????????????##?????? ?????????????????????? | | ??????????????????????????? #??#?????????????????? | | ??????????????????#???????? ????????????????????? | | ????????????????????????????#????????????????????? | | ?????????????????????????????????????????????????? | | ?????????????????????????????????????????????????? | | ?????????????????????????????????????????????????? | | ?????????????????????????????????????????????????? | | ?????????????????????????????????????????????????? | | ?????????????????????????????????????????????????? | | ?????????????????????????????????????????????????? | | ?????????????????????????????????????????????????? | | ?????????????????????????????????????????????????? | | ?????????????????????????????????????????????????? | +----------------------------------------------------+ Best States ------------- Heat Dissipation 25 Energy Generation 10 Energy Capacity 250 Matter Stores 300 Matter Capacity 300 Sight Range 16 Terrain Scan Range 16 Terrain Scan Density 10 Evasion (%) 55 Item Schematics ----------------- None Robot Schematics ------------------ None Fabricated ------------ Nothing Repaired ---------- Lrg. Storage Unit | 30% | -10/Materials Signal Interpreter | 40% | -10/Materials Alien Tech Used ----------------- None Achievements -------------- None Challenges ------------ None Game ------ Seed TripodAerolevReconstructor Manual? 0 Play Time 00:12:15 Cumulative 23.0 hours Start 2025.06.02 @ 19:38:11 End 2025.06.02 @ 19:49:07 Sessions 1 Manual Loads 0 Difficulty Rogue Special Mode None Game No. 34 Rogue 34 Adventurer 0 Explorer 0 Win Type - Total 0 Types 0/0/0/0/0/0/0/0/0/0 Lore% 21 Gallery% 21 Achievement% 21 Wizard Run 0 Options --------- Layout 0 ASCII 0 Keyboard 0 Movement Vi Keybinds 0 Fullscreen 1 Font 36/Smallcaps Map View 76x50 Zoom Use 0% Tactical HUD 1 Map Filters NONE Filters NONE Steam 1 RUN: 1d348870-a20f-43ea-9f95-2ff423729c20